 Dungeon Crawl Stone Soup version 0.27-a0-1144-g0b7d3b79db (webtiles) character file.

Game seed: 8350170262456541228

100 siradein the Shooter (level 4, -1/37 HPs)
             Began as a Minotaur Hunter on May 11, 2021.
             Slain by a kobold brigand
             ... wielding a +1 whip of flaming
              (7 damage)
             ... in a sewer.
             The game lasted 00:06:33 (2078 turns).

siradein the Shooter (Minotaur Hunter)              Turns: 2078, Time: 00:06:33

Health: -1/37      AC:  5    Str: 17    XL:     4   Next: 47%
Magic:  3/3        EV: 11    Int:  8    God:
Gold:   47         SH:  0    Dex: 11    Spells: 3/3 levels left

rFire    . . .     SeeInvis .   b - +0 short sword
rCold    . . .     Faith    .   (no shield)
rNeg     . . .     Spirit   .   c - +0 leather armour
rPois    .         Reflect  .   (helmet restricted)
rElec    .         Harm     .   n - +0 cloak
rCorr    .         Rampage  .   o - +0 pair of gloves
Will     .....                  (no boots)
Stlth    +.........             i - amulet of regeneration
HPRegen  1.12/turn              (no ring)
MPRegen  0.08/turn              (no ring)

@: no status effects
A: horns 2, retaliatory headbutt
a: no special abilities


You were in a sewer.
You visited 1 branch of the dungeon, and saw 3 of its levels.
You also visited: Sewer.

You collected 47 gold pieces.

Inventory:

Hand Weapons
 a - a +1 shortbow
 b - a +0 short sword (weapon)
Missiles
 d - 18 arrows
 h - 29 bolts
Armour
 c - a +0 leather armour (worn)
 n - a +0 cloak (worn)
 o - a +0 pair of gloves (worn)
Jewellery
 e - an amulet of faith
 i - an amulet of regeneration (around neck)
Scrolls
 f - 2 scrolls of identify {unknown}
 g - 3 scrolls of magic mapping {unknown}
 k - a scroll of amnesia {unknown}
Potions
 j - a potion of heal wounds {unknown}
 l - a potion of resistance {unknown}
 m - a potion of curing {unknown}


   Skills:
 - Level 2.4 Fighting
 + Level 3.1 Short Blades
 + Level 5.5 Bows
 - Level 2.1 Dodging
 - Level 0.7 Stealth


You had 3 spell levels left.
You didn't know any spells.
Your spell library contained the following spells:

 Spells                   Type           Power      Damage    Failure   Level
 Beastly Appendage        Tmut           0%         N/A       47%         1
 Wereblood                Tmut           0%         N/A       63%         2
 Spider Form              Tmut/Pois      0%         N/A       85%         3
 Ice Form                 Ice/Tmut       0%         N/A       99%         4
 Hydra Form               Tmut           0%         N/A       100%        5


Dungeon Overview and Level Annotations

Branches:
Dungeon (3/15)              Sewer (1/1)

Altars:

Shops:
D:2 :


Innate Abilities, Weirdness & Mutations

You have a pair of horns on your head.
You reflexively headbutt those who attack you in melee.


Message History

You feel very sick.
You feel sick.
You feel sick.
You feel sick.
You feel sick.
You feel sick.
You feel sick.
You feel sick.
You are no longer poisoned.
b - a +0 short sword (weapon)
You hit the kobold but do no damage.
The kobold hits you with a +0 short sword of speed.
You barely miss the kobold.
The kobold hits you with a +0 short sword of speed.
The kobold hits you but does no damage.
You hit the kobold.
You kill the kobold!
Okay, then.
Things that are here:
a rat corpse; a rat corpse You barely miss the kobold brigand.
The kobold brigand barely misses you.
You closely miss the kobold brigand. You headbutt the kobold brigand.
The kobold brigand is moderately wounded.
The kobold brigand hits you with a +1 whip of flaming!
The kobold brigand burns you.
You closely miss the kobold brigand.
The kobold brigand is moderately wounded.
The kobold brigand hits you with a +1 whip of flaming.
The kobold brigand burns you.
* * * LOW HITPOINT WARNING * * *
You closely miss the kobold brigand.
The kobold brigand is moderately wounded.
The kobold brigand hits you with a +1 whip of flaming.
* * * LOW HITPOINT WARNING * * *
The kobold brigand burns you.
* * * LOW HITPOINT WARNING * * *
You hit the kobold brigand but do no damage.
The kobold brigand is moderately wounded.
The kobold brigand hits you with a +1 whip of flaming!
You die...

##....≈≈≈≈≈≈
#....≈≈≈≈≈≈
##...≈≈≈≈≈≈
####....≈≈≈≈≈
#∩###..≈≈≈≈≈≈
#.###..≈≈≈≈≈≈
#..#....≈≈≈≈≈
##†)...≈≈≈≈≈≈
#@K....≈≈≈≈≈
##....≈≈≈≈≈≈
##.....≈.≈≈.
##.......≈≈≈≈
##........≈≈≈.
#..#......≈≈≈≈
#.###......≈
#∩# ......≈
### ......≈


You could see a kobold brigand.

Vanquished Creatures
  Robin (D:2)
  A gnoll (D:1)
  An adder (D:3)
  A river rat (Sewer)
  A dart slug (D:2)
  A worm (D:3)
  5 orcs
  9 endoplasms
  2 giant cockroaches
  5 goblins
  2 hobgoblins (D:2)
  A quokka (D:3)
  5 ball pythons
  3 bats
  5 frilled lizards
  7 kobolds
  3 rats (Sewer)
53 creatures vanquished.

Notes
Turn   | Place    | Note
-------+----------+-------------------------------------------
     0 | D:1      | siradein the Minotaur Hunter began the quest for the Orb.
     0 | D:1      | Reached XP level 1. HP: 18/18 MP: 0/0
    15 | D:1      | Reached skill level 1 in Short Blades
    15 | D:1      | Reached XP level 2. HP: 25/25 MP: 1/1
   639 | D:1      | Found a faded altar of an unknown god.
   962 | D:2      | Noticed Robin
   966 | D:2      | Reached skill level 5 in Bows
   966 | D:2      | Reached XP level 3. HP: 26/30 MP: 2/2
   975 | D:2      | Killed Robin
  1259 | D:2      | Found Ecsal's Book Emporium.
  1846 | D:2      | Reached XP level 4. HP: 37/37 MP: 3/3
  1972 | D:3      | Found a glowing drain.
  1991 | Sewer    | Entered a sewer
  2045 | Sewer    | Noticed a kobold brigand
  2078 | Sewer    | Slain by a kobold brigand

Illustrated notes

Levels and vault maps discovered:
D:1:      dpeg_arrival_boxorama, layout_basic,
          shapermc_ecumenical_altar_totnotflames, minmay_tetromino_o2
D:2:      layout_loops_corners, serial_shops, nicolae_shop_crystal, uniq_robin
D:3:      layout_rooms, lemuel_tele_altar, portal_sewer_entry_d,
          kennysheep_generic_room_15
Sewer:    sewer_minmay_treatment

Skill      XL: |  1  2  3  4 |
---------------+-------------+-----
Short Blades   | 1 2 3 |  3.1
Bows           | 5 |  5.5
Fighting       | |  2.4
Dodging        | |  2.1
Stealth        | |  0.7

Action                   |  1- 3 |  4- 6 || total
-------------------------+-------+-------++-------
Melee: Short sword       |    99 |    46 ||   145
       Headbutt          |    23 |     5 ||    28
 Fire: Shortbow          |     5 |     2 ||     7
 Stab: Sleeping          |     1 |       ||     1
Armor: Leather armour    |    41 |    10 ||    51
Dodge: Dodged            |    66 |    27 ||    93

Table legend: (Time is in decaauts)
 A = Elapsed time spent in this place.
 B = Non-inter-level travel time spent in this place.
 C = Inter-level travel time spent in this place.
 D = Time resting spent in this place.
 E = Time spent auto-exploring this place.
 F = Levels seen in this place.
 G = Mean time per level.
                   A        B        C        D        E       F      G
               +--------+--------+--------+--------+--------+-----+--------+
         Total |   2079 |   1982 |     97 |      0 |   1515 |   4 |  519.8 |
       Dungeon |   1994 |   1897 |     97 |      0 |   1484 |   3 |  664.7 |
         Sewer |     85 |     85 |      0 |      0 |     31 |   1 |   85.0 |
               +--------+--------+--------+--------+--------+-----+--------+

Top non-repeatable levels by time:
     D:1: 923 daAuts
     D:2: 873 daAuts
     D:3: 197 daAuts
   Sewer: 85 daAuts
